 Dungeon Crawl Stone Soup version 0.23-a0-183-gf37f6fb (webtiles) character file.

33 namelastname112 the Sneak (level 3, 0/30 HPs)
             Began as a Draconian Assassin on Sept 21, 2018.
             Slain by a gnoll (6 damage)
             ... on level 1 of the Dungeon.
             The game lasted 00:01:19 (520 turns).

namelastname112 the Sneak (Draconian Assassin)       Turns: 520, Time: 00:01:20

Health: 0/30       AC:  6    Str: 13    XL:     3   Next: 12%
Magic:  3/3        EV: 12    Int: 11    God:
Gold:   44         SH:  0    Dex: 13    Spells: 2/2 levels left

rFire    . . .     SeeInvis .   b - +0 blowgun
rCold    . . .     Gourm    .   (no shield)
rNeg     . . .     Faith    .   (armour unavailable)
rPois    .         Spirit   .   (helmet restricted)
rElec    .         Reflect  .   c - +0 cloak
rCorr    .         Harm     .   (no gloves)
MR       +....                  (no boots)
Stlth    ++........             (no amulet)
HPRegen  0.10/turn              m - ring of protection from magic
MPRegen  0.08/turn              (no ring)

@: no status effects
A: unfitting armour, cold-blooded, AC +5
a: no special abilities


You were on level 1 of the Dungeon.
You were not hungry.

You visited 1 branch of the dungeon, and saw 2 of its levels.

You collected 44 gold pieces.

Inventory:

Hand Weapons
 a - a +2 dagger
 b - a +0 blowgun (weapon)
Missiles
 d - 8 poisoned needles (quivered)
 e - 2 curare-tipped needles
 l - 6 needles of confusion
Armour
 c - a +0 cloak (worn)
Jewellery
 m - a ring of protection from magic (left hand)
Scrolls
 g - a scroll of magic mapping {unknown}
 h - 2 scrolls of teleportation {unknown}
 i - a scroll of enchant armour {unknown}
 k - a scroll of immolation {unknown}
 o - 2 scrolls of identify {unknown}
Potions
 j - a potion of heal wounds {unknown}
 n - a potion of haste {unknown}
Comestibles
 f - 3 rations


   Skills:
 + Level 2.5 Fighting
 * Level 2.5 Short Blades
 + Level 2.0 Throwing
 + Level 1.2 Dodging
 * Level 4.0 Stealth


You had 2 spell levels left.
You didn't know any spells.
Your spell library was empty.

Dungeon Overview and Level Annotations

Branches:
Dungeon (2/15)

Altars:
Gozag


Innate Abilities, Weirdness & Mutations

Your plain brown scales are hard. (AC +5)
You cannot fit into any form of body armour.
You are cold-blooded and may be slowed by cold attacks.


Message History

The hobgoblin shouts!
You open the door. The gnoll closely misses you.
Found an opulent altar of Gozag.
There is an open door here.
There is an opulent altar of Gozag here.
You open the door. The gnoll hits you.
* * * LOW HITPOINT WARNING * * *
You take 5 damage, and have 8/30 hp.
The gnoll misses you.
There is an open door here.
A kobold comes into view.
There is a stone staircase leading up here.
The gnoll hits you.
* * * LOW HITPOINT WARNING * * *
You climb upwards.
There is a stone staircase leading down here.
You take 3 damage, and have 6/30 hp.
b - a +0 blowgun (weapon)
The gnoll hits you.
You die...

...#.###....###.........#
...#.# #)...............#
.....###....###.........#
......).................#
......÷.....##..........#
...........##.....÷.>...#
..#####.#.............### ..#
#.#........g.)..# P.#
#.#.#.....@.....# #.#
#.#.#...........#######
≈.#####...#............##...##
#.....................(......##
P.............................#
..............................#
..........##..................#
..........##...()(.(..(......##
.........###.....).....##...##


You could see a gnoll.

Vanquished Creatures
  A gnoll (D:2)
  A bat (D:1)
  A giant cockroach (D:1)
  2 goblins (D:1)
  3 hobgoblins
  2 jackals (D:1)
  4 frilled lizards (D:1)
  4 kobolds (D:1)
  6 rats (D:1)
24 creatures vanquished.

Notes
Turn   | Place    | Note
-------+----------+-------------------------------------------
     0 | D:1      | namelastname112 the Draconian Assassin began the quest for
                  | the Orb.
     0 | D:1      | Reached XP level 1. HP: 17/17 MP: 1/1
    34 | D:1      | Reached skill level 1 in Dodging
   217 | D:1      | Reached XP level 2. HP: 20/24 MP: 2/2
   503 | D:2      | Reached skill level 4 in Stealth
   503 | D:2      | Reached XP level 3. HP: 13/30 MP: 3/3
   507 | D:2      | Found an opulent altar of Gozag.
   520 | D:1      | Slain by a gnoll

Vault maps used:
D:1:      eino_arrival_water_cross
D:2:      nicolae_overflow_crystal_walls, lemuel_doored_altar,
          chequers_ecumenical_altar_simple_redux, minmay_hexomino_p4

Skill      XL: |  1  2 |
---------------+-------+-----
Dodging        | 1 |  1.2
Throwing       | 2 |  2.0
Stealth        | 4 |  4.0
Fighting       | |  2.5
Short Blades   | |  2.5

Action                   || total
-------------------------++-------
Melee: Dagger            ||    68
       Tailslap          ||     4
 Stab: Sleeping          ||     1
Armor: Skin              ||    32
Dodge: Dodged            ||    33

Table legend:
 A = Non-vault XP
 B = Vault XP
 C = Vault XP percentage of total XP
 D = Non-vault monster count
 E = Vault monster count
 F = Vault count percentage of total count
                 A         B        C        D         E       F
            +---------+---------+-------+---------+---------+-------
      Total |      48 |       0 |   0.0 |      24 |       0 |   0.0
            +---------+---------+-------+---------+---------+-------
        D:1 |      32 |       0 |   0.0 |      22 |       0 |   0.0
        D:2 |      16 |       0 |   0.0 |       2 |       0 |   0.0
            +---------+---------+-------+---------+---------+-------
